 Dungeon Crawl Stone Soup version bcrawl-1.29.2 (console) character file.

Game seed: 9976412692389181219

159125 GodsVoicemail the Poker (level 5, -6/38 HPs)
             Began as a Merfolk Skald on Mar 4, 2021.
             Killed by divine providence
             ... invoked by an orc priest
              (12 damage)
             ... on level 3 of the Dungeon.
             The game lasted 00:13:00 (2541 turns).

GodsVoicemail the Poker (Merfolk Skald)             Turns: 2541, Time: 00:13:01

Health: -6/38      AC:  4    Str: 11 (12) XL:     5   Next: 75%
Magic:  8/8        EV: 11    Int: 11 (13) God:
Gold:   153        SH:  3    Dex: 10 (13) Spells: 2/8 levels left

rFire    + . .     SeeInvis .   a - +0 trident
rCold    . . .     Gourm    .   w - +0 buckler
rNeg     . . .     Faith    .   u - +2 robe {rC+}
rPois    .         Spirit   .   (no helmet)
rElec    .         Reflect  .   (no cloak)
rCorr    .         Harm     .   (no gloves)
MR       .....                  (no boots)
Stlth    +.........             (no amulet)
HPRegen  0.12/turn              m - ring of fire
MPRegen  0.11/turn              (no ring)

@: infused (expiring), very slightly contaminated
A: change form in water, swift swim, stealthy swim
a: no special abilities


You were on level 3 of the Dungeon.
You were hungry.

You visited 1 branch of the dungeon, and saw 3 of its levels.

You collected 153 gold pieces.

Inventory:

Hand Weapons
 a - a +0 trident (weapon)
 n - a +0 hunting sling
Missiles
 c - 407 arrows
 j - 1371 stones (quivered)
Armour
 f - a +0 ring mail
 u - a +2 robe of cold resistance (worn)
 w - a +0 buckler (worn)
Jewellery
 m - a ring of fire (left hand)
Scrolls
 d - a scroll of fear
 i - 5 scrolls of identify
 k - 3 scrolls of remove curse {unknown}
 l - 2 scrolls of amnesia {unknown}
 s - 2 scrolls of teleportation {unknown}
 t - a scroll of fog {unknown}
 v - a scroll of immolation {unknown}
Potions
 h - a potion of might
 o - a potion of degeneration
 p - a potion of curing {unknown}
 q - a potion of invisibility {unknown}
 r - a potion of flight {unknown}
Comestibles
 b - 4 chunks of flesh
 e - 7 rations {!d}


   Skills:
 - Level 2.1 Fighting
 * Level 6.7 Polearms
 - Level 0.6 Armour
 - Level 2.6 Dodging
 * Level 0.4 Shields
 * Level 2.1 Spellcasting
 + Level 1.1 Hexes
 + Level 4.5 Charms


You had 2 spell levels left.
You knew the following spells:

 Your Spells              Type           Power        Failure   Level  Hunger
a - Infusion              Chrm           ##......     12%         1    None
b - Song of Slaying       Chrm           ##......     17%         2    ##.....
c - Spectral Weapon       Hex/Chrm       #.......     56%         3    ####...

Your spell library contained the following spells:

 Spells                   Type           Power        Failure   Level  Hunger
 Ozocubu's Armour         Chrm/Ice       #.......     65%         3    ####...
 Regeneration             Chrm/Necr      #.........   65%         3    ####...


Dungeon Overview and Level Annotations

Branches:
Dungeon (3/12)

Altars:
Beogh

Annotations:
D:1 exclusion: downstairs


Message History

The orc priest is lightly wounded.
The orc hits you.
You puncture the orc priest!
The orc priest is severely wounded.
The orc hits you.
The orc priest invokes the aid of Beogh against you.
Pain shoots through your body!
* * * LOW HITPOINT WARNING * * *
Your magical infusion is running out.
It was a potion of degeneration.
There was something very wrong with that liquid.
You feel weakened.
You feel dopey.
You feel clumsy. The orc hits you.
* * * LOW HITPOINT WARNING * * *
The orc priest closely misses you.
It was a potion of magic.
Magic courses through your body. The orc barely misses you.
The orc priest invokes the aid of Beogh against you.
Beogh smites you!
You die...

## # ############.#
#########............#
.÷...##..............#
..##....(.###.)...##.#
#.##....#####...oo# '#
................@## .. ...
#.##.########...## .8. ....
#.#..### #....# .o.# ...
.......# ###....# .8.# #.#
#.#.##.####....### _o####.#
#.#.##.##...##.# ####....#
..........##...#####.......#
................[.÷÷.......#
##.####.####.#.#######.....#


You could see an orc priest and an orc.

Vanquished Creatures
  An orc wizard (D:2)
  Jessica (D:2)
  4 gnolls (D:3)
  3 adders
  An ooze (D:3)
  7 worms
  2 dart slugs
  2 orcs (D:3)
  3 bats
  2 giant cockroaches
  7 goblins
  4 hobgoblins
  A jackal (D:2)
  4 kobolds (D:2)
  3 quokkas (D:3)
  3 ball pythons (D:2)
  4 frilled lizards
  2 rats
54 creatures vanquished.

Notes
Turn   | Place    | Note
-------+----------+-------------------------------------------
     0 | D:1      | GodsVoicemail the Merfolk Skald began the quest for the
                  | Orb.
     0 | D:1      | Reached XP level 1. HP: 16/16 MP: 3/3
   438 | D:1      | Reached XP level 2. HP: 18/22 MP: 5/5
   717 | D:2      | Learned a level 2 spell: Song of Slaying
   742 | D:1      | Reached skill level 4 in Polearms
   934 | D:2      | Reached XP level 3. HP: 22/27 MP: 6/6
  1121 | D:2      | Noticed Jessica
  1144 | D:2      | Killed Jessica
  1145 | D:2      | Reached skill level 5 in Polearms
  1145 | D:2      | Reached XP level 4. HP: 33/33 MP: 3/7
  1262 | D:2      | Reached skill level 6 in Polearms
  1413 | D:2      | Learned a level 3 spell: Spectral Weapon
  1786 | D:2      | Reached XP level 5. HP: 38/38 MP: 8/8
  2208 | D:3      | Reached skill level 1 in Hexes
  2527 | D:3      | Found a roughly hewn altar of Beogh.
  2541 | D:3      | Killed from afar by an orc priest

Skill      XL: |  1  2  3  4  5 |
---------------+----------------+-----
Polearms       | 4 5 6 |  6.7
Charms         | 4 |  4.5
Hexes          | 1 |  1.1
Fighting       | |  2.1
Armour         | |  0.6
Dodging        | |  2.6
Shields        | |  0.4
Spellcasting   | |  2.1

Action                   |  1- 3 |  4- 6 || total
-------------------------+-------+-------++-------
Melee: Trident           |    81 |   145 ||   226
 Cast: Infusion          |     2 |     5 ||     7
  Use: Potion            |       |     3 ||     3
  Eat: Chunk             |     2 |     9 ||    11
Armor: Ring mail         |    20 |     6 ||    26
       Robe              |       |     7 ||     7
Dodge: Dodged            |    31 |    50 ||    81
Block: Buckler           |       |     8 ||     8
